 Dungeon Crawl Stone Soup version 0.29.1-13-g9f3cf754e1 (webtiles) character file.

Game seed: 15771010554323813342

12063 KamiKatze the Thaumaturge (level 11, -6/61 HPs)
             Began as a Deep Elf Conjurer on Feb 2, 2023.
             Was an Elder of Vehumet.
             Mangled by a boulder beetle (25 damage)
             ... on level 11 of the Dungeon on Feb 7, 2023.
             The game lasted 01:02:28 (11587 turns).

KamiKatze the Thaumaturge (Deep Elf Conjurer)      Turns: 11587, Time: 01:02:29

Health: -6/61      AC:  9    Str:  4    XL:     11   Next: 57%
Magic:  25/28      EV: 14    Int: 28    God:    Vehumet [****..]
Gold:   686        SH:  5    Dex: 13    Spells: 16/32 levels left

rFire   . . .      SeeInvis .   a - +1 dagger (freeze)
rCold   . . .      Faith    .   (no shield)
rNeg    . . .      Spirit   .   n - +1 robe {Will+}
rPois   +          Reflect  +   r - +0 helmet
rElec   .          Harm     .   V - +1 cloak
rCorr   .          Rampage  .   k - +2 pair of gloves
Will    +++..                   (no boots)
Stlth   +++.......              I - amulet of reflection
HPRegen 0.20/turn               m - ring of poison resistance
MPRegen 0.21/turn               L - ring of willpower

@: no status effects
A: no striking features
a: Renounce Religion


You were on level 11 of the Dungeon.
You worshipped Vehumet.
Vehumet was greatly pleased with you.
You visited 2 branches of the dungeon, and saw 12 of its levels.

You collected 686 gold pieces.

Inventory:

Hand Weapons
 a - a +1 dagger of freezing (weapon)
 s - a +2 flail of holy wrath
 t - the +6 shillelagh "Devastator" {shatter}
   (You found it on level 9 of the Dungeon)

   It releases a powerful concussive burst when it strikes, dealing extra damage
   to the target and all other foes adjacent to them.
 B - a +4 mace
 F - a +0 rapier of speed
Missiles
 h - 37 poisoned darts (quivered)
 P - 4 curare-tipped darts
 R - 3 atropa-tipped darts
Armour
 k - a +2 pair of gloves (worn)
 n - a +1 robe of willpower (worn)
 r - a +0 helmet (worn)
 A - a +2 robe of positive energy
 V - a +1 cloak (worn)
Jewellery
 d - an amulet of faith
 m - a ring of poison resistance (left hand)
 I - an amulet of reflection (around neck)
 J - a ring of fire
 L - a ring of willpower (right hand)
 M - a ring of protection from fire
 S - a +6 ring of intelligence
 T - a +6 ring of intelligence
Wands
 c - a wand of polymorph (19)
 w - a wand of flame (15)
 E - a wand of roots (6)
 H - a wand of charming (2)
 X - a wand of quicksilver (7)
Scrolls
 g - a scroll of noise {unknown}
 i - 3 scrolls of amnesia {unknown}
 j - 2 scrolls of torment {unknown}
 l - 4 scrolls of butterflies {unknown}
 o - 3 scrolls of enchant armour {unknown}
 p - 14 scrolls of identify {unknown}
 q - 8 scrolls of teleportation {unknown}
 x - 2 scrolls of poison {unknown}
 y - 2 scrolls of vulnerability {unknown}
 D - a scroll of fear {unknown}
 G - 3 scrolls of immolation {unknown}
 N - a scroll of magic mapping {unknown}
 O - a scroll of blinking {unknown}
 W - a scroll of enchant weapon {unknown}
Potions
 e - 4 potions of curing {unknown}
 f - 5 potions of mutation {unknown}
 u - 3 potions of might {unknown}
 v - a potion of haste
 z - 2 potions of flight {unknown}
 C - 2 potions of berserk rage {unknown}
 K - 2 potions of invisibility {unknown}
 Q - a potion of resistance {unknown}
 Y - a potion of lignification {unknown}
Miscellaneous
 U - a phantom mirror


   Skills:
 * Level 4.2 Fighting
 - Level 6.0 Dodging
 + Level 7.0 Stealth
 * Level 11.3 Spellcasting
 * Level 10.3 Conjurations
 - Level 10.0 Hexes
 * Level 9.1 Translocations
 + Level 1.4 Ice Magic
 + Level 1.2 Air Magic


You had 16 spell levels left.
You knew the following spells:

 Your Spells              Type           Power      Damage    Failure   Level
a - Magic Dart            Conj           100%       1d8       1%          1
b - Searing Ray           Conj           100%       2d8       1%          2
c - Fulminant Prism       Conj/Hex       32%        3d16      1%          4
d - Iskenderun's Mystic   Conj/Tloc      63%        2d13      1%          4
e - Freezing Cloud        Conj/Ice/Air   20%        6-21      4%          5

Your spell library contained the following spells:

 Spells                   Type           Power      Damage    Failure   Level
 Hailstorm                Conj/Ice       48%        3d11      1%          4
 Sandblast                Erth           30%        2d9       1%          1
 Ensorcelled Hibernation  Hex/Ice        94%        N/A       1%          2
 Conjure Flame            Conj/Fire      44%        6-21      1%          3
 Dazzling Flash           Conj/Hex       100%       N/A       1%          3
 Mephitic Cloud           Conj/Pois/Air  37%        N/A       1%          3
 Portal Projectile        Hex/Tloc       100%       N/A       1%          3
 Stone Arrow              Conj/Erth      88%        3d12      1%          3
 Tukima's Dance           Hex            64%        N/A       1%          3
 Sticky Flame             Conj/Fire      44%        2d6       1%          4
 Ignite Poison            Fire/Tmut/Pois 15%        N/A       3%          3
 Anguish                  Hex/Necr       21%        N/A       4%          4
 Passwall                 Tmut/Erth      12%        N/A       5%          2
 Spider Form              Tmut/Pois      15%        N/A       11%         3
 Starburst                Conj/Fire      22%        6d7       17%         6
 Blade Hands              Tmut           7%         N/A       67%         5


Dungeon Overview and Level Annotations

Branches:
Dungeon (11/15)            Temple (1/1) D:6            Lair (0/5) D:10
    Orc (0/2) D:10

Altars:
Ashenzari
Cheibriados
Dithmenos
Elyvilon
Fedhas
Gozag
Hepliaklqana
Kikubaaqudgha
Makhleb
Nemelex Xobeh
Okawaru
Qazlal
Ru
Sif Muna
Trog
Uskayaw
Vehumet
Wu Jian
Xom
Yredelemnul
Zin
The Shining One

Shops:
D:5 !   D:6 =   D:8 =(

Annotations:
D:7 3 runed translucent doors, exclusion: 3 doors, Oxelix's ghost, novice SpBr; mistmaker's ghost, novice TeAE


Message History

The boulder beetle curls into a ball and begins rolling!
Casting: Fulminant Prism (safe; 1% risk of failure)
Confirm with . or Enter, or press ? or * to list all spells.
Aiming: Fulminant Prism (safe; 1% risk of failure)
Press: ? - help, Dir - move target You conjure a prism of explosive energy!
A fulminant prism comes into view.
The boulder beetle hits your fulminant prism!!
Your fulminant prism detonates feebly.
The boulder beetle stops rolling and uncurls.
The boulder beetle curls into a ball and begins rolling!
The boulder beetle closely misses you.
The boulder beetle stops rolling and uncurls.
The boulder beetle attacks as you move away!
The boulder beetle bites you but does no damage.
The boulder beetle curls into a ball and begins rolling!
Casting: Fulminant Prism (safe; 1% risk of failure)
Confirm with . or Enter, or press ? or * to list all spells.
Aiming: Fulminant Prism (safe; 1% risk of failure)
Press: ? - help, Dir - move target, f - boulder beetle
Aim: a boulder beetle (severely wounded, rolling)
Okay, then.
Casting: Fulminant Prism (safe; 1% risk of failure)
Confirm with . or Enter, or press ? or * to list all spells.
Aiming: Fulminant Prism (safe; 1% risk of failure)
Press: ? - help, Dir - move target You conjure a prism of explosive energy!
A fulminant prism comes into view.
The boulder beetle hits you!!
The boulder beetle stops rolling and uncurls.
Your fulminant prism crackles loudly.
The boulder beetle attacks as you move away!
The boulder beetle bites you!!
* * * LOW HITPOINT WARNING * * *
Your fulminant prism explodes!
The blast of energy engulfs the boulder beetle!
The boulder beetle is almost dead.
Unknown command.
Magic courses through your body. The boulder beetle bites you!!
You die...

....#+#+##'###.#.# #.##...#
#.
###.........##.#.####.##...#
#.
#<.........(........##...#
#.
##.............#######...#
#. #........##.####### #...#
#. #.................#
###.#####.
#.........#..####.# #.#.....
#.........##....#.# #.......
#####'###.#..@..#.# #.......
#.# #.#.##B...## #.......
#.# #.#.#.#....####.......
..# #.#.#...............#'
#####'#'#####.#......####.
#.....รท...................
#.##....................##
##'##....................#
#+###
#*..#....................#


You could see a boulder beetle.

Vanquished Creatures
  3 hydras
  5 two-headed ogres
  Pikel (D:5)
  2 vault sentinels (D:7)
  Psyche (D:9)
  A hornet (D:8)
  Sigmund (D:3)
  A wraith (D:11)
  A shadow (D:9)
  Eustachio (D:5)
  Grum (D:9)
  3 yaks (D:9)
  An acid dragon (D:9)
  A swamp drake (D:10)
  A water moccasin (D:7)
  3 ice beasts
  A sky beast (D:7)
  5 orc warriors
  A black bear (D:7)
  An ogre (D:10)
  6 centaurs
  2 wolves (D:9)
  3 lemures (D:5)
  3 kobold brigands
  3 bullfrogs (D:7)
  4 necrophages
  Blork the orc (D:5)
  A gnoll sergeant (D:8)
  A scorpion (D:6)
  14 wights
  4 killer bees (D:6)
  3 howler monkeys
  6 orc priests
  2 jellies
  2 hounds
  4 iguanas
  9 orc wizards
  Robin (D:2)
  4 gnolls (D:8)
  9 adders
  A shadow imp (D:7)
  2 white imps (D:6)
  An ufetubus (D:7)
  2 dart slugs (D:1)
  38 orcs
  8 ball pythons
  7 endoplasms
  5 giant cockroaches
  13 goblins
  9 hobgoblins
  3 jackals (D:3)
  2 quokkas (D:4)
  4 bats
  A frilled lizard (D:2)
  20 kobolds
  3 rats
236 creatures vanquished.

Vanquished Creatures (others)
  A human (D:3)
  125 fulminant prisms
  2 plants (D:3)
  5 withered plants (D:7)
133 creatures vanquished.

Grand Total: 369 creatures vanquished

Notes
Turn   | Place    | Note
-------+----------+-------------------------------------------
     0 | D:1      | KamiKatze the Deep Elf Conjurer began the quest for the
                  | Orb.
     0 | D:1      | Reached XP level 1. HP: 10/10 MP: 6/6
   203 | D:1      | Found a faded altar of an unknown god.
   287 | D:1      | Reached XP level 2. HP: 15/15 MP: 4/8
   531 | D:1      | Learned a level 2 spell: Searing Ray
   855 | D:2      | Reached XP level 3. HP: 15/19 MP: 5/10
  1266 | D:2      | Noticed Robin
  1328 | D:2      | Reached skill level 1 in Hexes
  1399 | D:2      | Reached skill level 1 in Translocations
  1405 | D:2      | Killed Robin
  1509 | D:3      | Reached XP level 4. HP: 24/24 MP: 8/11
  1514 | D:3      | Learned a level 4 spell: Fulminant Prism
  1609 | D:3      | Reached skill level 4 in Spellcasting
  1609 | D:3      | Reached skill level 5 in Conjurations
  1614 | D:3      | Learned a level 4 spell: Iskenderun's Mystic Blast
  1618 | D:3      | Noticed a necrophage
  1667 | D:3      | Killed a necrophage
  1668 | D:3      | Reached XP level 5. HP: 28/28 MP: 3/13
  1805 | D:3      | Noticed a human
  1805 | D:3      | Found an ancient bone altar of Kikubaaqudgha.
  1808 | D:3      | Killed a human
  1902 | D:3      | Noticed Sigmund
  2172 | D:3      | Found a snail-covered altar of Cheibriados.
  2279 | D:3      | Killed Sigmund
  2280 | D:3      | Reached skill level 5 in Spellcasting
  2280 | D:3      | Reached XP level 6. HP: 14/32 MP: 0/15
  2673 | D:3      | Found a glowing golden altar of the Shining One.
  2781 | D:3      | Found an opulent altar of Gozag.
  2786 | D:3      | You fall into a shaft and drop 3 floors!
  2788 | D:6      | Noticed an ice beast
  2865 | D:6      | Reached XP level 7. HP: 36/36 MP: 11/17
  3115 | D:6      | Found a staircase to the Ecumenical Temple.
  3125 | Temple   | Entered the Ecumenical Temple
  3263 | Temple   | Became a worshipper of Vehumet
  3342 | D:6      | Found Dazikh's Jewellery Shoppe.
  3467 | D:6      | Reached skill level 6 in Spellcasting
  3652 | D:5      | Entered Level 5 of the Dungeon
  3895 | D:5      | Noticed a +0 spear
  3896 | D:5      | Noticed a +0 falchion
  3896 | D:5      | Noticed a +0 spear
  3896 | D:5      | Noticed a +0 short sword
  3896 | D:5      | Noticed a +0 dagger
  3897 | D:5      | Noticed a +0 falchion
  3897 | D:5      | Noticed a +0 short sword
  3897 | D:5      | Noticed a +0 dagger
  3909 | D:5      | Found a hide-covered altar of Uskayaw.
  4076 | D:5      | Noticed Eustachio
  4088 | D:5      | Killed Eustachio
  4089 | D:5      | Reached skill level 5 in Hexes
  4198 | D:5      | Found Juyhecuoni's Distillery.
  4336 | D:5      | Noticed Pikel
  5073 | D:3      | Reached XP level 8. HP: 41/41 MP: 13/20
  5086 | D:3      | Reached * piety under Vehumet
  5086 | D:3      | Offered knowledge of Sandblast by Vehumet.
  5319 | D:4      | Identified the +0 robe "Xohazatom" {Will+}
  5336 | D:4      | Found a burning altar of Makhleb.
  5479 | D:4      | Found a bloodstained altar of Trog.
  5639 | D:4      | Reached skill level 7 in Spellcasting
  5639 | D:4      | Reached skill level 5 in Translocations
  5744 | D:4      | Found an ornate altar of the Wu Jian Council.
  6027 | D:5      | Noticed Blork the orc
  6033 | D:5      | Killed Blork the orc
  6367 | D:5      | Killed Pikel
  6466 | D:6      | Reached skill level 1 in Fighting
  6593 | D:6      | Found a hazy altar of Hepliaklqana.
  6698 | D:6      | Reached XP level 9. HP: 40/47 MP: 1/22
  6848 | D:7      | Found a white marble altar of Elyvilon.
  6943 | D:7      | Reached skill level 8 in Spellcasting
  7108 | D:7      | Found a runed translucent gate.
  7108 | D:7      | Found a runed translucent gate.
  7108 | D:7      | Found a runed translucent gate.
  7110 | D:7      | Noticed Oxelix's ghost (novice SpBr)
  7110 | D:7      | Noticed mistmaker's ghost (novice TeAE)
  7425 | D:7      | Noticed a vault sentinel
  7425 | D:7      | Noticed a vault sentinel
  7492 | D:7      | Killed a vault sentinel
  7634 | D:7      | Killed a vault sentinel
  7731 | D:7      | Found the +18 shield of the Gong {rElec rN+ Will+ EV-5}
  7876 | D:8      | Found Wameit's Weapon Shop.
  7876 | D:8      | Found Mebifinegi's Jewellery Shop.
  7880 | D:8      | Reached skill level 5 in Stealth
  7880 | D:8      | Reached skill level 9 in Spellcasting
  7977 | D:8      | Offered knowledge of Poisonous Vapours by Vehumet.
  7977 | D:8      | Reached ** piety under Vehumet
  7982 | D:8      | Reached XP level 10. HP: 53/53 MP: 5/25
  8370 | D:8      | Noticed a two-headed ogre
  8536 | D:8      | Killed a two-headed ogre
  8537 | D:8      | Reached skill level 5 in Dodging
  8639 | D:9      | Noticed a two-headed ogre
  8651 | D:9      | Killed a two-headed ogre
  8688 | D:9      | Noticed Grum
  8697 | D:9      | Killed Grum
  8774 | D:9      | Noticed a two-headed ogre
  8783 | D:9      | Killed a two-headed ogre
  8783 | D:9      | Offered knowledge of Static Discharge by Vehumet.
  8784 | D:9      | Reached skill level 10 in Spellcasting
  8830 | D:9      | Noticed a four-headed hydra
  8851 | D:9      | Killed a four-headed hydra
  8867 | D:9      | Found a sacrificial altar of Ru.
  9063 | D:9      | Noticed Psyche
  9069 | D:9      | Killed Psyche
  9070 | D:9      | Reached XP level 11. HP: 58/60 MP: 20/27
  9123 | D:9      | Reached *** piety under Vehumet
  9198 | D:9      | Found the +6 shillelagh "Devastator" {shatter}
  9289 | D:9      | Found a shimmering altar of Xom.
  9302 | D:9      | Found a broken altar of Ashenzari.
  9602 | D:9      | Reached skill level 10 in Hexes
  9732 | D:9      | Found a shimmering blue altar of Sif Muna.
  9758 | D:10     | Entered Level 10 of the Dungeon
  9894 | D:10     | Found a staircase to the Lair.
 10072 | D:10     | Found a stormy altar of Qazlal.
 10483 | D:10     | Offered knowledge of Hailstorm by Vehumet.
 10812 | D:10     | Found a staircase to the Orcish Mines.
 10968 | D:11     | Noticed a two-headed ogre
 10972 | D:11     | Killed a two-headed ogre
 10973 | D:11     | Reached skill level 10 in Conjurations
 10979 | D:11     | Learned a level 5 spell: Freezing Cloud
 11054 | D:11     | Noticed a two-headed ogre
 11067 | D:11     | Killed a two-headed ogre
 11068 | D:11     | Reached skill level 11 in Spellcasting
 11259 | D:11     | Noticed a seven-headed hydra
 11288 | D:11     | Killed a seven-headed hydra
 11289 | D:11     | Reached skill level 1 in Ice Magic
 11406 | D:11     | Noticed a six-headed hydra
 11413 | D:11     | Killed a six-headed hydra
 11414 | D:11     | Reached skill level 1 in Air Magic
 11540 | D:11     | Noticed a boulder beetle
 11541 | D:11     | Reached **** piety under Vehumet
 11587 | D:11     | Mangled by a boulder beetle

Illustrated notes

Levels and vault maps discovered:
D:1:      erik_arrival_triangle_large, layout_basic, basic_ecumenical_altar,
          serial_corexii_hall, chequers_hall_statues_wall_a,
          chequers_hall_statues_wall_a, chequers_hall_statues_corner_a,
          minmay_quantized
D:2:      layout_basic, uniq_robin
D:3:      layout_loops_ring, tgw_kikubaaqudgha, grunt_gozag_statues,
          lemuel_round_altar, tso_oasis_becter, minmay_ruptured, uniq_sigmund
D:4:      layout_layer_cave, makhleb_heckhound_becter, lemuel_doored_altar,
          kennysheep_little_box
D:5:      layout_basic, nicolae_uskayaw_en_pointe, serial_shops, shop,
          uniq_blork_the_orc, uniq_eustachio, uniq_pikel
D:6:      layout_loops_ring, kennysheep_mini_moat, temple_doors_e, serial_shops,
          nicolae_shop_stone, grunt_decor_mini_mirrors,
          minmay_misc_feat_pillars, dk_rats_in_the_wall
D:7:      layout_rooms, mainiacjoe_overflow_catwalk, gammafunk_ghost_cemetery,
          hellmonk_guarded_unrand_gong
D:8:      layout_rooms, serial_shops, shop, minmay_misc_feat_room,
          minmay_shop_enchanted_jewellery
D:9:      layout_roguey, mainiacjoe_overflow_surrounded_room,
          lemuel_blue_sif_altar, xom_teletrap_fun,
          mainiacjoe_overflow_cross_hatched, uniq_grum, uniq_psyche
D:10:     layout_loops_cross, amcnicky_altar_gilded, dpeg_oklobed_lair,
          erik_orc_1
D:11:     layout_basic
Temple:   hellmonk_temple_beads

Skill      XL: |  1  2  3  4  5  6  7  8  9 10 11 |
---------------+----------------------------------+-----
Stealth        | 3 5 6 7 |  7.0
Hexes          | 1 2 3 4 5 6 8 9 10 | 10.0
Translocations | 1 2 3 4 5 7 8 9 |  9.1
Dodging        | 3 4 5 6 |  6.0
Spellcasting   | 4 5 6 7 9 10 11 | 11.3
Conjurations   | 5 6 7 8 9 10 | 10.3
Fighting       | 1 2 3 4 |  4.2
Ice Magic      | 1 |  1.4
Air Magic      | 1 |  1.2

Action                   |  1- 3 |  4- 6 |  7- 9 | 10-12 || total
-------------------------+-------+-------+-------+-------++-------
Melee: Dagger            |     9 |    19 |     6 |       ||    34
 Cast: Magic Dart        |    40 |    34 |    89 |    25 ||   188
       Searing Ray       |     4 |    12 |    34 |     4 ||    54
       Iskenderun's Myst |       |     4 |    13 |    22 ||    39
       Fulminant Prism   |       |     1 |    31 |    93 ||   125
  Use: Potion            |       |       |       |     2 ||     2
 Stab: Sleeping          |     4 |       |       |       ||     4
Armor: Robe              |     3 |     5 |     7 |     5 ||    20
Dodge: Dodged            |     7 |    19 |    23 |    13 ||    62
Block: Other             |       |       |     3 |     6 ||     9
       Reflection        |       |       |       |     2 ||     2
